 Dungeon Crawl Stone Soup version 0.20.1-1-g8b1a95d (console) character file.

1074 hilaritas the Basher (level 8, -17/78 HPs)
             Began as a Troll Berserker on Nov 24, 2017.
             Was a Priest of Trog.
             Demolished by a small abomination (21 damage)
             ... on level 7 of the Dungeon.
             The game lasted 00:10:20 (4963 turns).

hilaritas the Basher (Troll Berserker)              Turns: 4963, Time: 00:10:21

Health: -17/78     AC:  5    Str: 26    XL:     8   Next: 7%
Magic:  7/7        EV: 10    Int:  5    God:    Trog [***...]
Gold:   210        SH:  0    Dex:  9    Spells: 7/7 levels left

rFire    . . .     SeeInvis .   g - +0 giant spiked club
rCold    . . .     Gourm    +   (shield currently unavailable)
rNeg     . . .     Faith    .   b - +0 animal skin
rPois    .         Spirit   .   (helmet restricted)
rElec    .         Reflect  .   (no cloak)
rCorr    .         Harm     .   (gloves unavailable)
MR       ++...                  (boots unavailable)
Stlth    +.........             (no amulet)
Regen    1.7/turn               (no ring)
MPRegen  0.1/turn               (no ring)

@: about to teleport, regenerating
A: unfitting armour, claws 3, fast metabolism 3, gourmand, regeneration 1,
shaggy fur 1, tough skin 2
a: Berserk, Trog's Hand, Burn Spellbooks, Renounce Religion


You were on level 7 of the Dungeon.
You worshipped Trog.
Trog was most pleased with you.
You were very full.

You visited 1 branch of the dungeon, and saw 7 of its levels.

You collected 353 gold pieces.
You spent 143 gold pieces at shops.

Inventory:

Hand Weapons
 g - a +0 giant spiked club (weapon)
 p - a +1 flail of pain
Missiles
 v - 5 large rocks (quivered)
Armour
 b - a +0 animal skin (worn)
Jewellery
 j - an uncursed ring of flight
 q - an uncursed ring of resist corrosion
 z - the ring of Xaxt {*Tele rPois Str+6, unknown}
   (You found it on level 7 of the Dungeon)

   [ring of teleportation]

   It may teleport you next to monsters.
   It affects your strength (+6).
   It protects you from poison.
Wands
 u - a wand of disintegration (12/24)
 x - a wand of lightning (7/15)
 y - a wand of acid (8/15)
Scrolls
 d - 5 scrolls of identify
 f - 2 scrolls of fog
 h - 4 scrolls of teleportation
Potions
 e - a potion of heal wounds
 i - a potion of resistance
 l - a potion of invisibility
 n - a potion of curing
 o - 2 potions of mutation
 r - 2 potions of agility
 s - a potion of haste
 t - 2 potions of magic
Books
 a - a book of Necromancy

   Spells                             Type                      Level
   a - Pain                           Necromancy                   1
   b - Animate Skeleton               Necromancy                   1
   c - Vampiric Draining              Necromancy                   3
   d - Regeneration                   Charms/Necromancy            3
   e - Animate Dead                   Necromancy                   4
   f - Control Undead                 Necromancy                   4
   Trog disapproves of the use of such an item.
 w - a book of Flames

   Spells                             Type                      Level
   a - Flame Tongue                   Conjuration/Fire             1
   b - Throw Flame                    Conjuration/Fire             2
   c - Conjure Flame                  Conjuration/Fire             3
   d - Inner Flame                    Hexes/Fire                   3
   e - Sticky Flame                   Conjuration/Fire             4
   f - Fireball                       Conjuration/Fire             5
   Trog disapproves of the use of such an item.
Comestibles
 c - 9 bread rations
 k - 4 fruits
 m - 3 meat rations


   Skills:
 + Level 4.0 Fighting
 * Level 8.4 Maces & Flails
 - Level 2.4 Dodging


You had 7 spell levels left.
You didn't know any spells.

Dungeon Overview and Level Annotations

Branches:
Dungeon (7/15)             Temple (0/1) D:6

Altars:
Ashenzari
Cheibriados
Kikubaaqudgha
Makhleb
Uskayaw
Vehumet
Yredelemnul
Lugonu

Shops:
D:4 !


Innate Abilities, Weirdness & Mutations

You are too large for most types of armour.
You have claws for hands.
Your metabolism is lightning-fast.
You like to eat raw meat.
Your natural rate of healing is unusually fast.
You are covered in fur. (AC +1)
You have very tough skin. (AC +2)


Message History

The small abomination closely misses you.
Your skin crawls.
You feel resistant to hostile enchantments.
You feel somewhat less full. The cyan ugly thing pecks you.
* * * LOW HITPOINT WARNING * * *
The cyan ugly thing shocks you!
* * * LOW HITPOINT WARNING * * *
The small abomination barely misses you.
The small abomination closely misses you.
The small abomination misses you.
The small abomination closely misses you.
The green ugly thing basks in the mutagenic energy from its kin and changes!
You feel much better.
The small abomination barely misses you.
The cyan ugly thing pecks you.
* * * LOW HITPOINT WARNING * * *
The cyan ugly thing shocks you!
* * * LOW HITPOINT WARNING * * *
The small abomination hits you!!
You die...

.#.# .#.#
.#.# .#.#
##(.# #.# .#
.#.# #....
### ##. .#.#
....#####..#
.#.#
....###...#
.#.#
#.....:.#
.#.# #.$x$.#
.#.# #.?uux#
...# #.x@x.#
####
#..x.x..#
#...###.u.#
#..#####u.#
..## ###
##.. ## #.#
.## #.# #
...


You could see 4 ugly things and 6 small abominations.

Vanquished Creatures
  2 ogres
  A big kobold (D:7)
  A bullfrog (D:3)
  2 centaur zombies (D:3)
  2 crimson imps
  A hound (D:5)
  A jelly (D:5)
  A centaur skeleton (D:6)
  An orc priest (D:6)
  5 orc wizards
  An iguana (D:6)
  3 worker ants
  2 hound skeletons (D:4)
  A worker ant zombie (D:3)
  3 gnolls (D:4)
  A howler monkey zombie (D:3)
  A howler monkey skeleton (D:4)
  5 adders
  A shadow imp (D:5)
  4 oozes
  2 adder skeletons (D:3)
  An adder zombie (D:3)
  2 worms
  2 dart slugs
  A leopard gecko (D:3)
  10 orcs
  6 giant cockroaches
  8 goblins
  7 hobgoblins
  11 jackals
  13 kobolds
  6 bats
  8 frilled lizards
  A leopard gecko zombie (D:6)
  A quokka zombie (D:3)
  6 rats
124 creatures vanquished.

Notes
Turn   | Place    | Note
-------+----------+-------------------------------------------
     0 | D:1      | hilaritas the Troll Berserker began the quest for the Orb.
     0 | D:1      | Reached XP level 1. HP: 22/22 MP: 0/0
    50 | D:1      | Reached skill level 3 in Maces & Flails
    82 | D:1      | Reached XP level 2. HP: 29/29 MP: 1/1
   296 | D:1      | Reached ** piety under Trog
   342 | D:1      | Reached XP level 3. HP: 36/36 MP: 2/2
   761 | D:2      | Reached skill level 4 in Maces & Flails
   984 | D:2      | Reached XP level 4. HP: 44/44 MP: 3/3
  1585 | D:3      | Reached XP level 5. HP: 52/52 MP: 4/4
  1595 | D:3      | Reached skill level 5 in Maces & Flails
  1954 | D:3      | Reached XP level 6. HP: 61/61 MP: 5/5
  2009 | D:3      | Reached *** piety under Trog
  2009 | D:3      | Reached skill level 6 in Maces & Flails
  2616 | D:4      | Found a radiant altar of Vehumet.
  2762 | D:4      | Reached XP level 7. HP: 67/67 MP: 6/6
  2894 | D:4      | Found Fiyruck's Distillery.
  2902 | D:4      | Bought a potion of curing for 39 gold pieces
  2902 | D:4      | Bought a potion of mutation for 104 gold pieces
  2955 | D:4      | Reached skill level 7 in Maces & Flails
  3221 | D:5      | Entered Level 5 of the Dungeon
  4065 | D:6      | Found a staircase to the Ecumenical Temple.
  4238 | D:6      | Reached skill level 8 in Maces & Flails
  4359 | D:6      | Found a snail-covered altar of Cheibriados.
  4366 | D:6      | Found a shattered altar of Ashenzari.
  4393 | D:6      | Found a hide-covered altar of Uskayaw.
  4393 | D:6      | Found a basalt altar of Yredelemnul.
  4394 | D:6      | Found an ancient bone altar of Kikubaaqudgha.
  4394 | D:6      | Found a burning altar of Makhleb.
  4582 | D:6      | Reached XP level 8. HP: 43/78 MP: 7/7
  4958 | D:7      | Found a corrupted altar of Lugonu.
  4958 | D:7      | Noticed a brown ugly thing
  4958 | D:7      | Noticed a cyan ugly thing
  4958 | D:7      | Noticed a white ugly thing
  4958 | D:7      | Noticed a white ugly thing
  4959 | D:7      | Got a twitching pewter ring
  4962 | D:7      | HP: 2/78 [cyan ugly thing (12)]
  4963 | D:7      | Demolished by a small abomination

Skill      XL: |  1  2  3  4  5  6  7  8 |
---------------+-------------------------+-----
Maces & Flails | 3 4 5 6 8 |  8.4
Fighting       | 3 4 |  4.0
Dodging        | |  2.4

Action                   |  1- 3 |  4- 6 |  7- 9 || total
-------------------------+-------+-------+-------++-------
Melee: Mace              |   103 |   213 |       ||   316
       Giant spiked club |       |     1 |   145 ||   146
Invok: Berserk           |       |     3 |       ||     3
       Trog's Hand       |       |     1 |     2 ||     3
  Use: Scroll            |       |     6 |     8 ||    14
       Potion            |       |       |     1 ||     1
 Stab: Sleeping          |       |       |     1 ||     1
  Eat: Chunk             |    14 |    18 |    23 ||    55
Armor: Animal skin       |    49 |    64 |    71 ||   184
Dodge: Dodged            |    77 |   129 |   122 ||   328
